 Dungeon Crawl Stone Soup version 0.32-a0-779-g362cfcae2a (webtiles) character file.

Game seed: 7858998687074780468

7618 Fodor the Cleaver (level 10, -39/91 HPs)
             Began as a Minotaur Fighter on Mar 19, 2024.
             Was an Initiate of Gozag.
             Annihilated by a titanic slime creature (92 damage)
             ... on level 12 of the Dungeon.
             The game lasted 00:28:10 (8460 turns).

Fodor the Cleaver (Minotaur Fighter)                Turns: 8460, Time: 00:28:15

Health: -39/91     AC: 17    Str: 25    XL:     10   Next: 98%
Magic:  0/9        EV: 14    Int:  5    God:    Gozag
Gold:   1262       SH:  0    Dex: 16    Spells: 9/9 levels left

rFire   . . .        E - +5 executioner's axe (freeze)
rCold   . . .        (shield currently unavailable)
rNeg    . . .        b - +2 chain mail
rPois   .            (helmet restricted)
rElec   .            p - +1 cloak
rCorr   .            (no gloves)
SInv    .            x - +0 pair of boots
Will    .....        f - amulet of guardian spirit Stlth
                     D - +5 ring of evasion
HPRegen 0.35/turn    d - +6 ring of dexterity
MPRegen 0.11/turn

%: guardian spirit
@: no status effects
A: horns 2, retaliatory headbutt
a: Renounce Religion, Potion Petition, Call Merchant, Bribe Branch


You were on level 12 of the Dungeon.
You worshipped Gozag.
Gozag was most pleased with you.
You visited 2 branches of the dungeon, and saw 13 of its levels.

You collected 1598 gold pieces.
You spent 273 gold pieces at shops.
You paid 63 gold pieces to Gozag.

Inventory:

Hand Weapons
 c - a +4 bardiche
 o - a +3 heavy orcbow
 E - a +5 executioner's axe of freezing (weapon)
Missiles
 B - 4 boomerangs (quivered)
Armour
 b - a +2 chain mail (worn)
 p - a +1 cloak (worn)
 x - a +0 pair of boots (worn)
 K - an orb of mayhem
Jewellery
 d - a +6 ring of dexterity (right hand)
 f - an amulet of guardian spirit (around neck)
 t - a ring of see invisible
 u - an amulet of regeneration
 D - a +5 ring of evasion (left hand)
 I - a ring of ice
 J - a ring of wizardry
Talismans
 s - a serpent talisman
Wands
 m - a wand of polymorph (5)
 q - a wand of flame (59)
 A - a wand of paralysis (33)
Scrolls
 a - a scroll of fear
 e - 6 scrolls of teleportation
 i - a scroll of vulnerability {unknown}
 k - 3 scrolls of identify
 r - a scroll of brand weapon {unknown}
 w - a scroll of fog {unknown}
 y - a scroll of blinking {unknown}
 z - a scroll of summoning {unknown}
 C - 2 scrolls of immolation {unknown}
 G - 3 scrolls of revelation
 M - 3 scrolls of enchant weapon
Potions
 g - a potion of attraction {unknown}
 h - a potion of berserk rage
 j - 2 potions of curing
 l - 2 potions of enlightenment {unknown}
 n - 4 potions of lignification
 v - a potion of degeneration {unknown}
 F - a potion of ambrosia {unknown}
 H - a potion of might
 L - a potion of magic {unknown}


   Skills:
 + Level 9.1 Fighting
 + Level 11.1(11.7) Axes
 + Level 6.3(10.8) Polearms
 + Level 8.1(9.1) Staves
 + Level 3.3 Ranged Weapons
 + Level 9.2 Armour
 + Level 3.7 Dodging
 + Level 1.4 Stealth
 + Level 4.3 Shields


You had 9 spell levels left.
You didn't know any spells.
Your spell library contained the following spells:

 Spells                   Type           Power      Damage    Failure   Level
 Mercury Vapours          Alch/Air       0%         N/A       98%         2
 Dazzling Flash           Conj/Hex       0%         N/A       100%        3
 Fugue of the Fallen      Necr           0%         N/A       100%        3
 Inner Flame              Hex/Fire       0%         N/A       100%        3
 Mephitic Cloud           Conj/Alch/Air  0%         N/A       100%        3
 Ozocubu's Armour         Ice            0%         N/A       100%        3
 Tukima's Dance           Hex            0%         N/A       100%        3
 Flame Wave               Conj/Fire      0%         2d4       100%        4
 Manifold Assault         Tloc           0%         N/A       100%        4
 Passage of Golubria      Tloc           0%         N/A       100%        4
 Sticky Flame             Fire/Alch      0%         2d4       100%        4
 Curse of Agony           Necr           0%         N/A       100%        5
 Freezing Cloud           Conj/Ice/Air   0%         6-21      100%        5
 Silence                  Hex/Air        0%         N/A       100%        5
 Yara's Violent Unravell  Hex/Alch       0%         3d3       100%        5


Dungeon Overview and Level Annotations

Branches:
Dungeon (11/15)            Temple (1/1) D:5            Lair (0/5) D:9
    Orc: D:9-12

Altars:
Ashenzari
Cheibriados
Dithmenos
Elyvilon
Fedhas
Gozag
Hepliaklqana
Kikubaaqudgha
Makhleb
Nemelex Xobeh
Okawaru
Qazlal
Ru
Sif Muna
Trog
Uskayaw
Vehumet
Wu Jian
Xom
Yredelemnul
Zin
The Shining One

Shops:
D:2 =   D:3 [   D:5 (   D:9 [

Annotations:
D:8 3 runed translucent doors


Innate Abilities, Weirdness & Mutations

You have a pair of horns on your head.
You reflexively headbutt those who attack you in melee.


Message History

The komodo dragon bites you but does no damage.
You barely miss the komodo dragon.
The komodo dragon is heavily wounded.
The komodo dragon bites you but does no damage.
The komodo dragon misses you. You furiously retaliate!
You headbutt the komodo dragon. You slice the komodo dragon!!
The komodo dragon seems to slow down.
You freeze the komodo dragon!
You kill the komodo dragon!
Your Axes skill increases to level 11!
You now have 1262 gold pieces (gained 19).
A slime creature comes into view.
Found a stone staircase leading up.
The slime creature quivers. 2 slime creatures come into view.
Found a club.
The slime creature quivers. 2 slime creatures come into view.
The slime creature quivers.
Two slime creatures merge to form a large slime creature.
The slime creature moves out of view.
Two slime creatures merge to form a very large slime creature.
You hit the very large slime creature but do no damage.
Two slime creatures merge to form an enormous slime creature.
You slash the enormous slime creature! You freeze the enormous slime creature.
The enormous slime creature is lightly wounded.
Two slime creatures merge to form a titanic slime creature.
You slash the titanic slime creature! You freeze the titanic slime creature!
The titanic slime creature is lightly wounded.
You slash the titanic slime creature! You freeze the titanic slime creature.
The titanic slime creature is lightly wounded.
The titanic slime creature hits you!!!
The titanic slime creature completely misses you.
You slice the titanic slime creature!! You freeze the titanic slime creature!
You headbutt the titanic slime creature!
The titanic slime creature is moderately wounded.
The titanic slime creature hits you!!!!
Ouch! That really hurt!
You die...
Your body crumbles into a pile of gold.

#.# #.######.#
#......#.#####
######.#.#...
#######.#.#.#
#...........#
##.#####.#...#
#..# #.###.#
#.## #.# #@# #.#
#.# #J#
#.######.# ...
#........#..<..
##
#..#######......
.# #..###
#..)..## .#
#....# #.....#
.## ##.#.#
####### ..#
#.#.#


You could see a titanic slime creature.

Vanquished Creatures
  Joseph (D:7)
  2 komodo dragons
  Jeremiah (D:8)
  A rime drake (D:9)
  A hornet (D:9)
  A wyvern (D:10)
  A wraith (D:10)
  A shadow (D:10)
  5 yaks (D:11)
  4 vampire mosquitoes
  2 acid dragons (D:9)
  2 water moccasins
  4 orc warriors
  3 black bears
  6 ice beasts (D:9)
  A sky beast (D:6)
  5 centaurs
  An ogre (D:5)
  2 wolves (D:9)
  2 phantoms
  4 kobold brigands
  4 bullfrogs
  A scorpion (D:7)
  A gnoll sergeant (D:10)
  6 killer bees (D:8)
  4 howler monkeys
  Crazy Yiuf (D:2)
  5 orc priests
  2 hounds
  6 iguanas
  Natasha (twice) (D:4)
  5 orc wizards
  5 adders
  8 gnolls
  A shadow imp (D:7)
  A white imp (D:6)
  A ribbon worm (D:4)
  2 dart slugs
  26 orcs
  3 ball pythons
  3 endoplasms
  3 giant cockroaches (D:4)
  5 goblins
  8 hobgoblins
  29 kobolds
  A quokka (D:4)
  7 bats
  A frilled lizard (D:2)
  2 rats
193 creatures vanquished.

Notes
Turn   | Place    | Note
-------+----------+-------------------------------------------
     0 | D:1      | Fodor the Minotaur Fighter began the quest for the Orb.
     0 | D:1      | Reached XP level 1. HP: 19/19 MP: 0/0
   193 | D:1      | Reached XP level 2. HP: 26/27 MP: 1/1
   790 | D:2      | Found Tiwogg's Jewellery Shoppe.
   901 | D:2      | Reached XP level 3. HP: 18/33 MP: 0/2
  1030 | D:2      | Found a runed translucent door.
  1031 | D:2      | Noticed Crazy Yiuf
  1037 | D:2      | Killed Crazy Yiuf
  1038 | D:2      | Reached skill level 3 in Axes
  1267 | D:3      | Reached XP level 4. HP: 41/41 MP: 3/3
  1503 | D:3      | Found Emacracw's Armour Emporium.
  1736 | D:4      | Found an iron altar of Okawaru.
  1834 | D:4      | Noticed Natasha
  1841 | D:4      | Killed Natasha
  1885 | D:4      | Reached skill level 1 in Staves
  1919 | D:4      | Reached skill level 1 in Dodging
  1919 | D:4      | Reached XP level 5. HP: 38/47 MP: 4/4
  2270 | D:4      | Reached skill level 5 in Armour
  2331 | D:4      | Noticed Natasha
  2337 | D:4      | Killed Natasha
  2574 | D:5      | Entered Level 5 of the Dungeon
  2602 | D:5      | Noticed a water moccasin
  2608 | D:5      | Killed a water moccasin
  2609 | D:5      | Reached XP level 6. HP: 34/53 MP: 3/5
  3023 | D:5      | Reached XP level 7. HP: 33/60 MP: 4/6
  3027 | D:5      | Found Okehauk's Antique Weapon Boutique.
  3148 | D:5      | Reached skill level 5 in Staves
  3174 | D:5      | Found a staircase to the Ecumenical Temple.
  3182 | D:5      | Reached skill level 5 in Fighting
  3284 | Temple   | Entered the Ecumenical Temple
  3311 | Temple   | Became a worshipper of Gozag Ym Sagoz the Greedy
  3706 | D:6      | Reached XP level 8. HP: 63/69 MP: 5/7
  3818 | D:6      | Reached skill level 1 in Stealth
  4119 | D:6      | Reached skill level 1 in Polearms
  4460 | D:7      | Noticed Joseph
  4468 | D:7      | Killed Joseph
  4662 | D:5      | Reached XP level 9. HP: 78/78 MP: 8/8
  4698 | D:5      | Bought a runed executioner's axe for 273 gold pieces
  4760 | D:7      | Reached skill level 5 in Polearms
  4974 | D:7      | Found a shadowy altar of Dithmenos.
  5013 | D:7      | Reached skill level 4 in Axes
  5282 | D:8      | Reached skill level 5 in Axes
  5446 | D:8      | Noticed a rust devil
  5446 | D:8      | Noticed a rust devil
  5478 | D:8      | Found a runed translucent gate.
  5478 | D:8      | Found a runed translucent gate.
  5479 | D:8      | Found a runed translucent gate.
  6142 | D:8      | Noticed Jeremiah
  6196 | D:8      | Killed Jeremiah
  6197 | D:8      | Reached skill level 6 in Axes
  6522 | D:9      | Reached skill level 7 in Axes
  6762 | D:9      | Noticed a rime drake
  6767 | D:9      | Killed a rime drake
  6768 | D:9      | Reached skill level 8 in Axes
  6768 | D:9      | Reached XP level 10. HP: 75/88 MP: 7/9
  6798 | D:9      | Reached skill level 9 in Axes
  6834 | D:9      | Reached skill level 1 in Ranged Weapons
  6836 | D:9      | Found a staircase to the Lair.
  7022 | D:9      | Found Qutu Besse's Antique Armour Emporium.
  7427 | D:10     | Entered Level 10 of the Dungeon
  7863 | D:10     | Reached skill level 10 in Axes
  8171 | D:11     | Noticed a rakshasa
  8172 | D:11     | Noticed a death knight
  8172 | D:11     | Noticed a death knight
  8173 | D:11     | You fall into a shaft and drop 1 floor!
  8433 | D:12     | Reached skill level 11 in Axes
  8460 | D:12     | Annihilated by a titanic slime creature

Illustrated notes

Levels and vault maps discovered:
D:1:      tarquinn_simple_flora_water_b, layout_loops_ring
D:2:      layout_rooms, serial_shops, nicolae_shop_crystal,
          uniq_crazy_yiuf_cottage
D:3:      layout_basic, serial_shops, nicolae_shop_back_alley_shop,
          minmay_misc_feat_more_columns, kennysheep_donut
D:4:      layout_basic, nicolae_overflow_crystal_walls, uniq_natasha
D:5:      layout_basic, minmay_temple_entry_large_hall, serial_shops,
          nicolae_shop_pleasant_corner_grove, serial_library_hellmonk_hallway_b
D:6:      layout_rooms, columned_hall_lemuel
D:7:      layout_loops_ring, grunt_dithmenos_shadows, uniq_joseph
D:8:      cheibrodos_iron_armory, layout_loops_corners, minmay_misc_feat_plants,
          nicolae_benzene_ring, uniq_jeremiah
D:9:      layout_roguey, hellmonk_lair_entry_icy, serial_shops,
          nicolae_square_shop, enter_bailey_4
D:10:     layout_roguey
D:11:     layout_cave_pools, david_orc_1_choice, biasface_ghost_orc_armoury,
          minmay_circle_x, uniq_sonja, uniq_psyche
D:12:     kennysheep_funnel, layout_loops_ring, minmay_statues_item,
          kennysheep_generic_room_3
Temple:   mainiacjoe_temple_big_plus

Skill      XL: |  1  2  3  4  5  6  7  8  9 10 |
---------------+-------------------------------+-----
Fighting       | 4 5 6 7 9 |  9.1
Armour         | 4 5 6 7 8 9 |  9.2
Shields        | 4 |  4.3
Axes           | 3 8 11 | 11.1
Staves         | 1 3 4 7 8 |  8.1
Dodging        | 1 2 3 |  3.7
Stealth        | 1 |  1.4
Polearms       | 4 6 |  6.3
Ranged Weapons | 3 |  3.3

Action                     |  1- 3 |  4- 6 |  7- 9 | 10-12 || total
---------------------------+-------+-------+-------+-------++-------
  Melee: War axe           |    58 |       |       |       ||    58
         Headbutt          |     8 |    11 |    44 |     9 ||    72
         Quarterstaff      |    11 |    79 |    68 |       ||   158
         Bardiche          |       |       |    49 |       ||    49
         Executioner's axe |       |       |   115 |    56 ||   171
   Fire: Orcbow            |       |       |     4 |    24 ||    28
    Use: Potion            |     1 |       |     2 |     4 ||     7
         Scroll            |       |     5 |     6 |     7 ||    18
   Stab: Distracted        |       |       |     1 |       ||     1
 Armour: Scale mail        |     9 |       |       |       ||     9
         Chain mail        |    67 |    65 |   234 |   103 ||   469
  Dodge: Dodged            |    25 |    34 |   183 |   118 ||   360
  Block: Buckler           |    13 |       |       |       ||    13

Table legend: (Time is in decaauts)
 A = Elapsed time spent in this place.
 B = Non-inter-level travel time spent in this place.
 C = Inter-level travel time spent in this place.
 D = Time resting spent in this place.
 E = Time spent auto-exploring this place.
 F = Levels seen in this place.
 G = Mean time per level.
                   A        B        C        D        E       F      G
               +--------+--------+--------+--------+--------+-----+--------+
         Total |   8665 |   8296 |    369 |      2 |   5854 |  13 |  666.5 |
       Dungeon |   8604 |   8235 |    369 |      2 |   5854 |  12 |  717.0 |
        Temple |     60 |     60 |      0 |      0 |      0 |   1 |   60.0 |
               +--------+--------+--------+--------+--------+-----+--------+

Top non-repeatable levels by time:
     D:8: 1321 daAuts
     D:5: 1113 daAuts
     D:9: 957 daAuts
     D:4: 933 daAuts
     D:7: 803 daAuts
    D:10: 749 daAuts
     D:6: 724 daAuts
     D:1: 641 daAuts
     D:2: 562 daAuts
     D:3: 473 daAuts
    D:12: 288 daAuts
  Temple: 60 daAuts
    D:11: 35 daAuts
